[Event "POL-chT 2nd League Juniors 2020"]
[Site "Sypniewo"]
[Date "2020.10.25"]
[Round "4.12"]
[White "Konkol, Sandra"]
[Black "Predkiewicz, Paulina"]
[Result "1/2-1/2"]
[ECO "C45"]
[WhiteElo "1235"]
[BlackElo "1243"]
[Annotator "NA RC"]
[PlyCount "101"]
[EventDate "2020.10.23"]
[EventType "team-tourn"]
[EventCountry "POL"]
[SourceTitle "playchess.com"]
[Source "ChessBase"]
[SourceQuality "1"]
[TimeControl "5400+30"]

1. e4 e5 2. Nf3 Nc6 3. d4 exd4 4. Nxd4 Bc5 5. Be3 Qf6 6. c3 Nge7 7. Be2 O-O 8. O-O Qg6 9. Nxc6 Qxc6 10. Bxc5 Qxc5 11. Qd4 d6 12. Qxc5 dxc5 13. Nd2 b6 14. Nb3 Bb7 15. f3 Ng6 16. g3 Rad8 17. Rad1 Rfe8 18. Bb5 Rf8 19. Rfe1 Ne5 20. Kf2 Rxd1 21. Rxd1 f5 22. exf5 Bxf3 23. Re1 Rxf5 24. Rxe5 Rxe5 25. Kxf3 Rf5+ 26. Kg2 Kf8 27. Bd3 Re5 28. Kf3 h6 29. Nd2 Re1 30. Nf1 Ra1 31. Bc4 Rb1 32. b3 Rc1 33. Ke4 Rxc3 34. Kd5 Rc2 35. a4 Ke8 36. Kc6 Kd8 37. Ne3 Rxh2 38. Nd5 Rg2 39. Nxc7 Rxg3 40. Ne6+ Ke7 41. Kb7 g5 42. Ng7 Rh3 43. Kxa7 g4 44. Be6 h5 45. Nxh5 Rxh5 46. Bxg4 Rh6 47. Kb7 Rg6 48. Bf3 Kd7 49. Be4 Rf6 50. Bg2 Rh6 51. Bf1 1/2-1/2

[Event "POL-chT 2nd League Juniors 2020"]
[Site "Sypniewo"]
[Date "2020.10.25"]
[Round "4.14"]
[White "Kubica, Dominik"]
[Black "Niemier, Hubert"]
[Result "0-1"]
[ECO "B15"]
[WhiteElo "1577"]
[BlackElo "1771"]
[Annotator "NA RC"]
[PlyCount "88"]
[EventDate "2020.10.23"]
[EventType "team-tourn"]
[EventCountry "POL"]
[SourceTitle "playchess.com"]
[Source "ChessBase"]
[SourceQuality "1"]
[TimeControl "5400+30"]

1. e4 c6 2. d4 d5 3. Nc3 dxe4 4. Nxe4 Nf6 5. Nxf6+ exf6 6. c3 Bd6 7. Bd3 O-O 8. Qc2 Re8+ 9. Ne2 h5 10. Be3 Nd7 11. O-O-O b5 12. Ng3 Qb6 13. Nxh5 a5 14. g4 b4 15. c4 c5 16. d5 a4 17. Qd2 Ne5 18. h3 Nf3 19. Qe2 Nd4 20. Qf1 b3 21. a3 Rb8 22. g5 f5 23. Nf6+ gxf6 24. gxf6 Kh8 25. Rg1 Rg8 26. Rxg8+ Kxg8 27. Qg2+ Kf8 28. Bh6+ Ke8 29. Qg8+ Kd7 30. Qxf7+ Kd8 31. Rg1 Bd7 32. Rg8+ Kc7 33. Rg7 Rd8 34. Bg5 Nf3 35. Qh5 Nxg5 36. Qxg5 Be5 37. Rf7 Qd6 38. Kb1 Rf8 39. Rh7 Qxf6 40. Qh5 Bxb2 41. Qf3 Bxa3 42. d6+ Qxd6 43. Bxf5 Rxf5 44. Qxf5 Qd1# 0-1

[Event "POL-chT 2nd League Juniors 2020"]
[Site "Sypniewo"]
[Date "2020.10.25"]
[Round "4.15"]
[White "Skrzypinski, Jan"]
[Black "Zaborski, Igor"]
[Result "1-0"]
[ECO "B07"]
[WhiteElo "1418"]
[BlackElo "1612"]
[Annotator "NA RC"]
[PlyCount "53"]
[EventDate "2020.10.23"]
[EventType "team-tourn"]
[EventCountry "POL"]
[SourceTitle "playchess.com"]
[Source "ChessBase"]
[SourceQuality "1"]
[TimeControl "5400+30"]

1. e4 d6 2. d4 Nf6 3. Nc3 g6 4. Be2 Bg7 5. Be3 Nbd7 6. Qd2 O-O 7. h4 h5 8. f3 c5 9. O-O-O Qa5 10. Kb1 cxd4 11. Bxd4 Nc5 12. Nd5 Qxd2 13. Nxe7+ Kh7 14. Rxd2 Be6 15. Bxf6 Bxf6 16. Nd5 Be5 17. Nh3 Bxd5 18. Rxd5 Na4 19. Bb5 Nxb2 20. f4 Bc3 21. Ng5+ Kg8 22. Rh3 Rac8 23. Rxc3 Rxc3 24. Kxb2 Rg3 25. Rxd6 Rxg2 26. Bc4 Kg7 27. Rd7 1-0

[Event "POL-chT 2nd League Juniors 2020"]
[Site "Sypniewo"]
[Date "2020.10.25"]
[Round "4.16"]
[White "Rozek, Michal"]
[Black "Kaczmarek, Jan"]
[Result "1-0"]
[ECO "B27"]
[WhiteElo "1442"]
[BlackElo "1229"]
[Annotator "NA RC"]
[PlyCount "23"]
[EventDate "2020.10.23"]
[EventType "team-tourn"]
[EventCountry "POL"]
[SourceTitle "playchess.com"]
[Source "ChessBase"]
[SourceQuality "1"]
[TimeControl "5400+30"]

1. e4 c5 2. Nf3 g6 3. d4 cxd4 4. Qxd4 Nf6 5. Nc3 Nc6 6. Qa4 d5 7. e5 Ng4 8. Bb5 Bd7 9. e6 Bxe6 10. Nd4 Rc8 11. Nxe6 fxe6 12. Qxg4 1-0

[Event "POL-chT 2nd League Juniors 2020"]
[Site "Sypniewo"]
[Date "2020.10.25"]
[Round "4.17"]
[White "Niemier, Martyna"]
[Black "Hertlein, Irena"]
[Result "0-1"]
[ECO "E12"]
[WhiteElo "1235"]
[BlackElo "1893"]
[Annotator "NA RC"]
[PlyCount "74"]
[EventDate "2020.10.23"]
[EventType "team-tourn"]
[EventCountry "POL"]
[SourceTitle "playchess.com"]
[Source "ChessBase"]
[SourceQuality "1"]
[TimeControl "5400+30"]

1. d4 Nf6 2. c4 e6 3. Nf3 b6 4. Bg5 Bb7 5. e3 Bb4+ 6. Nbd2 {[%emt 0:00:34] E12: Queen's Indian: Unusual White 4th moves, 4 a3, 4 Nc3 Bb7 5 a3 and 4 Nc3 Bb7 .} h6 7. Bh4 g5 8. Bg3 g4 9. Ne5 Ne4 10. Qxg4 Bxd2+ 11. Kd1 (11. Ke2 {was called for.} Qg5 12. Bf4 Qxg4+ 13. Nxg4) 11... Qg5 12. a3 {[%emt 0:06:40] [#]} Bxe3 $1 $146 ({Predecessor:} 12... d6 13. Bh4 dxe5 {0-1 (13) Jarod,B-Shabalov,A (2570) Philadelphia 1996}) 13. Qxg5 Bxg5 14. Be2 d6 15. Nd3 Bf6 16. Bh5 Bxd4 17. Rb1 Nd7 18. f3 Nef6 19. Bg4 Nxg4 20. fxg4 Bxg2 21. Re1 Bf3+ 22. Kd2 Bxg4 23. Re4 Bf5 24. Rxd4 Nc5 25. Rf1 Bxd3 26. Rxd3 Nxd3 27. Kxd3 f5 28. b4 Kd7 29. Rc1 e5 30. c5 bxc5 31. bxc5 Rab8 32. Kc4 f4 33. Bf2 Rb2 34. Bg1 Ke6 35. cxd6 cxd6 36. Kd3 Rb3+ $19 37. Ke4 d5# 0-1

[Event "POL-chT 2nd League Juniors 2020"]
[Site "Sypniewo"]
[Date "2020.10.25"]
[Round "4.18"]
[White "Lajdamik, Anna"]
[Black "Lewicka, Joanna"]
[Result "0-1"]
[ECO "C54"]
[WhiteElo "1292"]
[BlackElo "1243"]
[Annotator "NA RC"]
[PlyCount "62"]
[EventDate "2020.10.23"]
[EventType "team-tourn"]
[EventCountry "POL"]
[SourceTitle "playchess.com"]
[Source "ChessBase"]
[SourceQuality "1"]
[TimeControl "5400+30"]

1. e4 e5 2. Nf3 Nc6 3. Bc4 Bc5 4. c3 Nf6 5. d4 exd4 6. O-O O-O 7. cxd4 Bb6 8. Bg5 d6 9. h3 h6 10. Bh4 g5 11. Nxg5 Nxe4 12. Nf3 Qd7 13. Re1 d5 14. Bb5 a6 15. Ne5 Qd6 16. Bxc6 bxc6 17. f3 Qxe5 18. fxe4 Bxd4+ 19. Kh1 Bxb2 20. exd5 Qxd5 21. Qc2 Bxa1 22. Re3 Bg7 23. Nc3 Qf5 24. Qe2 Be6 25. Rf3 Qc5 26. Ne4 Qc4 27. Qe3 Qd4 28. Qxd4 Bxd4 29. Rg3+ Kh7 30. Nf6+ Bxf6 31. Bxf6 Rg8 0-1

[Event "POL-chT 2nd League Juniors 2020"]
[Site "Sypniewo"]
[Date "2020.10.25"]
[Round "4.19"]
[White "Jedrusik, Adam"]
[Black "Ursnik, Patryk"]
[Result "1/2-1/2"]
[ECO "D00"]
[WhiteElo "1891"]
[BlackElo "1645"]
[Annotator "NA RC"]
[PlyCount "85"]
[EventDate "2020.10.23"]
[EventType "team-tourn"]
[EventCountry "POL"]
[SourceTitle "playchess.com"]
[Source "ChessBase"]
[SourceQuality "1"]
[TimeControl "5400+30"]

1. d4 d5 2. Bf4 Nf6 3. e3 c5 4. c3 Qb6 5. Qb3 c4 6. Qc2 {[%emt 0:08:20] D00: 1 d4 d5: Unusual lines.} g6 7. Nd2 Bf5 8. Qc1 Nc6 9. Ngf3 Bg7 10. Be2 O-O 11. O-O Rfc8 12. h3 Qd8 13. Bd1 b5 14. Bc2 a5 {[%emt 0:04:03] [#]} 15. Re1 $146 ({Predecessor:} 15. Bxf5 gxf5 16. Ne5 Qf8 17. Qc2 e6 18. Bh2 Kh8 19. Rae1 Nxe5 20. Bxe5 Ne4 21. Bh2 Nxd2 22. Qxd2 {½-½ (29) Spornberger,A (2288)-Prusikin,M (2530) Austria 2017}) 15... Ne4 16. Nxe4 Bxe4 17. Bxe4 dxe4 18. Nd2 f5 19. f3 exf3 20. Nxf3 Qd5 21. Qc2 e5 22. dxe5 Nxe5 23. Bxe5 Bxe5 24. e4 Qc5+ 25. Kh1 Bg3 26. Re2 fxe4 27. Qxe4 Re8 28. Qxe8+ Rxe8 29. Rxe8+ Kf7 30. Rd8 g5 $2 (30... b4 $14) 31. Rad1 g4 (31... Qe3 $142) 32. R8d5 (32. hxg4 $142 Qe3 33. R1d7+ Kf6 34. Rf8+ (34. Rxh7 Qc1+ {[%mdl 64] Double Attack} 35. Ng1 Bf2 $11) 34... Kg6 35. Rg8+ Kf6 36. g5+ (36. Rxh7 Qc1+ 37. Ng1 Bf2 $11) 36... Kf5 37. Rf8+ (37. Rxh7 Qc1+ 38. Ng1 Kg4 $11) 37... Kg4 38. Rd2 (38. Rxh7 Qc1+ 39. Ng1 Bd6 $11)) 32... Qc8 $2 (32... Qe3) 33. Ng5+ Kg6 $2 (33... Kg7 $16 {is more resistant.} 34. R1d4 (34. Rxb5 Qe8 $11) 34... gxh3 35. Nxh3 h6 36. Rxb5 Qe6) 34. hxg4 $2 (34. Rd8 $18 Qf5 35. Rg8+ Kf6 36. Rf8+ {[%mdl 64] Skewer} Kxg5 37. Rxf5+ Kxf5 38. Rd5+ {[%mdl 64] Double Attack} Ke4 39. Rxb5) 34... Qxg4 35. Nh3 (35. Nf3 $16 Qf4 36. Rg5+ (36. Rxb5 Qh6+ 37. Kg1 Qe3+ 38. Kh1 Qh6+ 39. Kg1 Qe3+ 40. Kh1 Qh6+ $11) 36... Kf6 37. a3 (37. Rxb5 Qh6+ 38. Kg1 Qe3+ 39. Kh1 Qh6+ 40. Kg1 Qe3+ 41. Kh1 Qh6+ $11)) 35... h6 36. R5d4 Qe2 37. R4d2 Qg4 38. Rd8 Qe2 39. R8d2 Qg4 40. Rf1 Bc7 41. Rdf2 Qg3 42. Rf6+ Kg7 $14 43. Rf7+ 1/2-1/2

[Event "POL-chT 2nd League Juniors 2020"]
[Site "Sypniewo"]
[Date "2020.10.25"]
[Round "4.20"]
[White "Bialik, Nikodem"]
[Black "Bujalski, Mateusz"]
[Result "0-1"]
[ECO "C42"]
[WhiteElo "1547"]
[BlackElo "1865"]
[Annotator "NA RC"]
[PlyCount "70"]
[EventDate "2020.10.23"]
[EventType "team-tourn"]
[EventCountry "POL"]
[SourceTitle "playchess.com"]
[Source "ChessBase"]
[SourceQuality "1"]
[TimeControl "5400+30"]

1. e4 e5 2. Nf3 Nf6 3. Nc3 Bb4 4. Bc4 d6 5. d3 O-O 6. Bg5 {[%emt 0:01:46] C42: Petroff Defence: 3 Nxe5 and unusual White 3rd moves.} h6 7. Bh4 c6 8. O-O Bg4 9. h3 Be6 10. Bb3 {[%emt 0:01:59] [#]} Bxb3 $146 ({Predecessor:} 10... Nbd7 11. a3 Ba5 12. Bxe6 fxe6 13. b4 Bc7 14. d4 d5 15. Qe2 Re8 16. Rad1 Qe7 {½-½ (30) Jacob,B-Spengler,H Fischbach 1993}) 11. axb3 g5 (11... Nbd7 $11 {keeps the balance.}) 12. Bg3 Nh5 13. Ne2 Nf4 14. Bxf4 gxf4 15. c3 Ba5 16. g3 f5 17. gxf4 fxe4 18. dxe4 Bb6 19. f5 Qf6 $2 (19... Kh7 20. Kh1 Rg8) 20. c4 $2 (20. Kh1 $18) 20... Nd7 21. Kh2 Kh7 22. Ng3 Rg8 23. b4 Qe7 24. Ra3 Nf6 25. Rd3 Rad8 26. Qe2 Bc7 27. Nh4 (27. b5 $16) 27... Ng4+ 28. hxg4 Qxh4+ {[%emt 0:00:09] Double Attack [#]} 29. Kg2 $1 Rxg4 30. Rh1 Qg5 {[%emt 0:00:07] [#]} 31. Kf1 $1 Rg8 32. Rh5 $2 {[%emt 0:01:18] [#]} (32. Qd1 $16) 32... Qxh5 $1 33. Ke1 Qf7 34. Qd2 Qxc4 35. f6 $19 Rf4 0-1

[Event "POL-chT 2nd League Juniors 2020"]
[Site "Sypniewo"]
[Date "2020.10.25"]
[Round "4.22"]
[White "Wojs, Alicja"]
[Black "Leszczewicz, Karol"]
[Result "1-0"]
[ECO "B34"]
[WhiteElo "1392"]
[BlackElo "1267"]
[Annotator "NA RC"]
[PlyCount "91"]
[EventDate "2020.10.23"]
[EventType "team-tourn"]
[EventCountry "POL"]
[SourceTitle "playchess.com"]
[Source "ChessBase"]
[SourceQuality "1"]
[TimeControl "5400+30"]

1. e4 c5 2. Nf3 Nc6 3. d4 cxd4 4. Nxd4 g6 5. Nc3 Bg7 6. Be3 Nf6 7. f3 d6 8. Qd2 O-O 9. g4 Be6 10. O-O-O Nxd4 11. Bxd4 Qa5 12. Kb1 Rfc8 13. h4 Rab8 14. Bxf6 Bxf6 15. Nd5 Qxd2 16. Nxf6+ exf6 17. Rxd2 Rc6 18. Be2 Rbc8 19. Rhd1 Kg7 20. c3 Rd8 21. Rd4 a6 22. f4 f5 23. gxf5 gxf5 24. e5 d5 25. c4 Rc5 26. Bf3 f6 27. cxd5 fxe5 28. fxe5 Bc8 29. Rg1+ Kf7 30. Bh5+ Kf8 31. Bf3 Kf7 32. h5 a5 33. h6 Rg8 34. e6+ Kf8 35. e7+ Kf7 36. Rxg8 Kxe7 37. Rg7+ Kf8 38. Rxh7 Kg8 39. Rg7+ Kh8 40. d6 Bd7 41. Rxd7 Rc8 42. Re7 Rg8 43. d7 Rg1+ 44. Kc2 Rc1+ 45. Kxc1 b5 46. d8=Q# 1-0

[Event "POL-chT 2nd League Juniors 2020"]
[Site "Sypniewo"]
[Date "2020.10.25"]
[Round "4.23"]
[White "Tarka, Aleksandra"]
[Black "Lach, Alicja"]
[Result "1-0"]
[ECO "B34"]
[WhiteElo "1676"]
[BlackElo "1161"]
[Annotator "NA RC"]
[PlyCount "119"]
[EventDate "2020.10.23"]
[EventType "team-tourn"]
[EventCountry "POL"]
[SourceTitle "playchess.com"]
[Source "ChessBase"]
[SourceQuality "1"]
[TimeControl "5400+30"]

1. e4 c5 2. Nf3 Nc6 3. d4 cxd4 4. Nxd4 g6 5. Nc3 Bg7 6. Nb3 Nf6 7. Be2 O-O 8. O-O d6 9. Re1 a6 10. Bf1 b5 11. Bg5 Re8 12. Rb1 Be6 13. Nd5 Bxd5 14. exd5 Nb4 15. Bxf6 Bxf6 16. a3 Na2 17. Re3 b4 18. Ra1 bxa3 19. Rxa2 Bxb2 20. Nd2 a5 21. Nc4 Rb8 22. Nxb2 axb2 23. Qb1 Qc7 24. Rxb2 Ra8 25. Rb7 Qc5 26. Rexe7 Rxe7 27. Rxe7 Qxd5 28. Qb7 Qxb7 29. Rxb7 a4 30. Rb1 a3 31. Bc4 Ra7 32. Kf1 Kg7 33. Ke2 Kf6 34. Kd3 Ke5 35. Re1+ Kf6 36. Kc3 Ra5 37. Kb4 Ra7 38. Ra1 Ke5 39. Rxa3 Rb7+ 40. Kc3 Rc7 41. Kd3 d5 42. Bb3 Rc6 43. Ra5 Rd6 44. c4 Kf6 45. Rxd5 Ra6 46. c5 Ra3 47. Kc3 Ra1 48. Rd1 Ra5 49. Kb4 Ra8 50. c6 Re8 51. Kc5 Rb8 52. Bc4 Kg7 53. c7 Re8 54. Rd8 Rxd8 55. cxd8=Q Kh6 56. g4 Kg7 57. g5 h5 58. Qf6+ Kh7 59. Qxf7+ Kh8 60. Qg8# 1-0

[Event "POL-chT 2nd League Juniors 2020"]
[Site "Sypniewo"]
[Date "2020.10.25"]
[Round "4.24"]
[White "Mainka, Anna"]
[Black "Pastuszko, Katarzyna"]
[Result "0-1"]
[ECO "C50"]
[WhiteElo "1280"]
[BlackElo "1251"]
[Annotator "NA RC"]
[PlyCount "74"]
[EventDate "2020.10.23"]
[EventType "team-tourn"]
[EventCountry "POL"]
[SourceTitle "playchess.com"]
[Source "ChessBase"]
[SourceQuality "1"]
[TimeControl "5400+30"]

1. e4 e5 2. Nf3 Nc6 3. Bc4 Nf6 4. d3 Bc5 5. O-O d6 6. c3 h6 7. Bb3 O-O 8. Nbd2 Be6 9. Bc2 a5 10. Re1 Ba7 11. Nf1 d5 12. exd5 Qxd5 13. Ng3 Rad8 14. h3 Kh8 15. Bb3 Qd6 16. Bxe6 Qxe6 17. Qe2 Rfe8 18. Nh4 Qd5 19. Nh5 Nxh5 20. Qxh5 Qe6 21. Nf5 Rxd3 22. Bxh6 gxh6 23. Nxh6 Qg6 24. Nxf7+ Kg7 25. Qxg6+ Kxg6 26. Rad1 Rxd1 27. Rxd1 Kxf7 28. Rd7+ Re7 29. Rd3 e4 30. Rg3 Ne5 31. Kf1 Nd3 32. b3 Bxf2 33. Rg4 e3 34. Ke2 Nc1+ 35. Kf1 e2+ 36. Kxf2 e1=Q+ 37. Kf3 Qe3# 0-1

[Event "POL-chT 2nd League Juniors 2020"]
[Site "Sypniewo"]
[Date "2020.10.26"]
[Round "5.1"]
[White "Gardian, Adam"]
[Black "Piwowarczyk, Bartlomiej"]
[Result "1-0"]
[ECO "B40"]
[WhiteElo "1859"]
[BlackElo "1773"]
[Annotator "NA RC"]
[PlyCount "55"]
[EventDate "2020.10.23"]
[EventType "team-tourn"]
[EventCountry "POL"]
[SourceTitle "playchess.com"]
[Source "ChessBase"]
[SourceQuality "1"]
[TimeControl "5400+30"]

1. e4 c5 2. Nf3 e6 3. d3 Nc6 4. Nbd2 g6 5. g3 Bg7 6. Bg2 Nge7 7. O-O O-O 8. Re1 d5 9. e5 Qc7 10. Qe2 b6 11. h4 Ba6 12. Nf1 b5 13. N1h2 Nf5 14. Bf4 c4 15. Ng4 $14 Qe7 16. Bg5 Qc5 17. Nf6+ Bxf6 18. Bxf6 Nxg3 19. Qd2 Nf5 20. Bh3 Nce7 21. d4 Qc7 22. h5 Rac8 23. Qf4 Rfe8 24. Nh4 Nxh4 25. Qxh4 Kf8 26. hxg6 Nf5 27. gxh7 Nxh4 28. h8=Q# 1-0

[Event "POL-chT 2nd League Juniors 2020"]
[Site "Sypniewo"]
[Date "2020.10.26"]
[Round "5.2"]
[White "Pietrzak, Tomasz"]
[Black "Kubica, Dominik"]
[Result "1/2-1/2"]
[ECO "D26"]
[WhiteElo "1896"]
[BlackElo "1577"]
[Annotator "NA RC"]
[PlyCount "81"]
[EventDate "2020.10.23"]
[EventType "team-tourn"]
[EventCountry "POL"]
[SourceTitle "playchess.com"]
[Source "ChessBase"]
[SourceQuality "1"]
[TimeControl "5400+30"]

1. d4 d5 2. c4 dxc4 3. e3 e6 4. Nf3 Nf6 5. Bxc4 c5 6. Nc3 a6 7. Bb3 Nc6 8. O-O b5 9. dxc5 Qxd1 10. Rxd1 Bxc5 11. Bd2 {[%emt 0:00:18] D40: Queen's Gambit Declined: Semi-Tarrasch with 5 e3.} Bb7 {[%emt 0:06:25] [#]} 12. a3 $146 ({Predecessor:} 12. Rac1 Bb6 13. Bc2 Ne7 14. Ng5 O-O 15. a4 h6 16. Nge4 Nxe4 17. Nxe4 Rfd8 18. a5 Ba7 {1-0 (55) Tregubov,P (2599)-Vorobiov,E (2572) Krasnoyarsk 2007}) 12... O-O 13. Rac1 Bb6 14. Be1 Rfd8 15. Ne2 Rac8 16. Nf4 Rxd1 17. Rxd1 Rd8 18. Rxd8+ Bxd8 19. Nd3 Be7 20. Kf1 Bd6 21. h3 Kf8 22. Ba2 a5 23. b4 axb4 24. axb4 Nd7 25. Ng5 h6 26. Ne4 Be7 27. Bb1 Bc8 28. Ke2 Nde5 29. Nec5 Nxd3 30. Bxd3 Na7 31. Bc3 Bxc5 32. bxc5 Bd7 33. Be5 Nc8 34. Be4 Ne7 35. Bd6 Ke8 {[%emt 0:00:07] [#]} 36. Bb7 ({White should play} 36. Bxe7 $1 $16 Kxe7 37. Kd3) 36... Bc6 37. Bxc6+ $1 Nxc6 38. e4 $11 e5 39. Kd3 f6 40. g3 Kf7 41. f4 1/2-1/2

[Event "POL-chT 2nd League Juniors 2020"]
[Site "Sypniewo"]
[Date "2020.10.26"]
[Round "5.3"]
[White "Nowak, Filip"]
[Black "Jendrowiak, Maciej"]
[Result "1-0"]
[ECO "B19"]
[WhiteElo "1871"]
[BlackElo "1382"]
[Annotator "NA RC"]
[PlyCount "91"]
[EventDate "2020.10.23"]
[EventType "team-tourn"]
[EventCountry "POL"]
[SourceTitle "playchess.com"]
[Source "ChessBase"]
[SourceQuality "1"]
[TimeControl "5400+30"]

1. e4 c6 2. d4 d5 3. Nd2 dxe4 4. Nxe4 Bf5 5. Ng3 Bg6 6. h4 h6 7. Nf3 Nd7 8. h5 Bh7 9. Bd3 Bxd3 10. Qxd3 e6 11. Bd2 Ngf6 12. O-O-O Be7 13. Kb1 O-O 14. Ne4 Nxe4 {[%emt 0:02:07] B19: Classical Caro-Kann: 4...Bf5 main line.} 15. Qxe4 Nf6 16. Qe2 Qd5 17. Be3 Rac8 18. Ne5 c5 {[%emt 0:03:06] [#]} ({Much worse is} 18... Qxg2 {[#]} 19. Bxh6 $1 Qe4 20. Qxe4 $16) 19. g4 $146 ({Predecessor:} 19. c4 Qe4+ 20. Qd3 Qxd3+ 21. Rxd3 cxd4 22. Bxd4 Rfd8 23. b3 a6 24. g4 Bd6 25. Bb6 {1-0 (48) Sadzikowski,D (2258)-Belenkaya,D (2125) Wroclaw 2010}) 19... cxd4 20. Bxd4 Qe4 (20... Bc5 $1 $14 21. Ng6 fxg6 22. Bxf6 Qc6) 21. Qxe4 Nxe4 22. Bxa7 Rfd8 23. Be3 Bc5 24. Bxc5 Nxc5 25. f3 f6 26. Nd3 f5 (26... Nxd3 $16 27. Rxd3 Rxd3 28. cxd3 f5) 27. Nxc5 Rxd1+ 28. Rxd1 Rxc5 29. b3 (29. Rd8+ $18 Kh7 30. c3) 29... b5 (29... Rc7 $16 30. Kc1 fxg4) 30. Rd4 Kf7 31. Kb2 Kf6 32. a4 bxa4 33. Rxa4 Kg5 34. Rc4 Rb5 (34... Rxc4 35. bxc4 fxg4 36. fxg4 $18) 35. b4 e5 36. gxf5 Kxf5 37. Kb3 Rb7 38. Rg4 $18 Ke6 39. c4 Rf7 40. Rg3 Rf5 41. b5 Kd6 42. Kb4 Rf7 43. Rg6+ Kc7 44. Kc5 Rd7 45. b6+ Kb7 46. Kb5 1-0

[Event "POL-chT 2nd League Juniors 2020"]
[Site "Sypniewo"]
[Date "2020.10.26"]
[Round "5.3"]
[White "Zaborski, Igor"]
[Black "Maj, Samuel"]
[Result "1-0"]
[ECO "E61"]
[WhiteElo "1612"]
[BlackElo "1305"]
[Annotator "NA RC"]
[PlyCount "95"]
[EventDate "2020.10.23"]
[EventType "team-tourn"]
[EventCountry "POL"]
[SourceTitle "playchess.com"]
[Source "ChessBase"]
[SourceQuality "1"]
[TimeControl "5400+30"]

1. d4 Nf6 2. Nf3 g6 3. Bg5 Bg7 4. c4 d6 5. Nc3 O-O 6. e3 Nbd7 7. Be2 Re8 8. O-O c6 9. Qc2 e5 10. dxe5 dxe5 11. Rfd1 Qc7 12. Nd2 Nf8 13. Nde4 Nxe4 14. Nxe4 Bf5 15. g4 Bxe4 16. Qxe4 Ne6 17. Bh4 g5 18. Bg3 Nc5 19. Qf5 h6 20. b4 Ne6 21. c5 a5 22. a3 Rad8 23. Bc4 Nf8 24. Rd6 Rxd6 25. cxd6 Qd7 26. bxa5 Ra8 27. Rb1 Ne6 28. a6 b5 29. Bxe6 fxe6 30. Qd3 Rxa6 31. Rc1 Ra4 32. h3 Kf7 33. Rc5 Rc4 34. Rxc4 bxc4 35. Qxc4 Qxd6 36. a4 Bf8 37. a5 Kf6 38. a6 Qc5 39. Qa4 Qc1+ 40. Kh2 Bc5 41. a7 Bxa7 42. Qxa7 c5 43. Qc7 Qc3 44. Qb8 c4 45. Qh8+ Ke7 46. Qxe5 Qb4 47. Qc7+ Kf6 48. Be5+ 1-0

[Event "POL-chT 2nd League Juniors 2020"]
[Site "Sypniewo"]
[Date "2020.10.26"]
[Round "5.4"]
[White "Rzepka, Marcin"]
[Black "Zimny, Jakub"]
[Result "1-0"]
[ECO "B24"]
[WhiteElo "1294"]
[BlackElo "1569"]
[Annotator "NA RC"]
[PlyCount "69"]
[EventDate "2020.10.23"]
[EventType "team-tourn"]
[EventCountry "POL"]
[SourceTitle "playchess.com"]
[Source "ChessBase"]
[SourceQuality "1"]
[TimeControl "5400+30"]

1. d3 g6 2. Nf3 Bg7 3. g3 c5 4. Bg2 e6 5. O-O Ne7 6. e4 Nbc6 7. Nc3 O-O 8. Re1 d6 9. h3 Rb8 10. Nh2 b5 11. f4 b4 12. Ne2 a5 13. g4 f5 14. g5 Nd4 15. h4 e5 16. Nxd4 exd4 17. h5 Bb7 18. h6 Bh8 19. Qe2 Re8 20. Qf2 Qc7 21. Nf3 Nc6 22. Bd2 Bc8 23. Nh4 a4 24. exf5 Bxf5 25. Nxf5 gxf5 26. Bd5+ Kf8 27. Be6 Ne7 28. Qh2 Ng6 29. Bxf5 Qf7 30. Be4 b3 31. f5 Be5 32. Qf2 Ne7 33. g6 hxg6 34. fxg6 Nxg6 35. Bxg6 1-0

[Event "POL-chT 2nd League Juniors 2020"]
[Site "Sypniewo"]
[Date "2020.10.26"]
[Round "5.5"]
[White "Hertlein, Irena"]
[Black "Uliasz, Katarzyna"]
[Result "1-0"]
[ECO "B32"]
[WhiteElo "1893"]
[BlackElo "1495"]
[Annotator "NA RC"]
[PlyCount "87"]
[EventDate "2020.10.23"]
[EventType "team-tourn"]
[EventCountry "POL"]
[SourceTitle "playchess.com"]
[Source "ChessBase"]
[SourceQuality "1"]
[TimeControl "5400+30"]

1. e4 c5 2. Nf3 Nc6 3. d4 cxd4 4. Nxd4 e5 5. Nb5 d6 6. N1c3 a6 7. Na3 b5 8. Nd5 Nge7 9. Bg5 h6 10. Bxe7 (10. Bxb5 $14 axb5 11. Nxb5) 10... Bxe7 {B32: Sicilian: Löwenthal and Kalashnikov Variations.} (10... Nxe7 $11 11. Nb4 Qb6) 11. g3 {[%emt 0:05:00] [#]} O-O $146 ({Predecessor:} 11... Rb8 12. Bg2 O-O 13. O-O Re8 14. c3 b4 15. Nc4 bxc3 16. bxc3 Na5 17. Nxe7+ Rxe7 18. Nxa5 Qxa5 19. Qxd6 {½-½ (30) Paveto,K (2235)-Fusco,L (2392) Buenos Aires 2011}) 12. Bg2 Be6 13. c3 Rc8 14. O-O g6 15. Qd2 Kh7 16. Nc2 f5 (16... Na5 $11 {keeps the balance.}) 17. f4 Na5 18. Nce3 Nc4 19. Nxc4 Rxc4 20. Rad1 Bxd5 21. Qxd5 Qc7 22. Kh1 $16 Rc5 23. Qd3 Qc8 24. Rf2 Qe6 25. b4 Rc4 26. Rdf1 exf4 27. exf5 Rxf5 28. Bh3 Qd5+ 29. Qxd5 Rxd5 30. Be6 Re5 31. Bxc4 bxc4 32. Rxf4 d5 33. Kg2 g5 34. Rf5 Re6 35. Rxd5 Bf6 36. Rc5 Bxc3 37. Rxc4 Be1 38. Kf3 Kg6 39. a3 Kh5 40. Re4 g4+ 41. Ke3 Bd2+ 42. Kd3 Rd6+ 43. Rd4 Rxd4+ 44. Kxd4 1-0

[Event "POL-chT 2nd League Juniors 2020"]
[Site "Sypniewo"]
[Date "2020.10.26"]
[Round "5.5"]
[White "Jedrzejko, Martyna"]
[Black "Seemann, Pola"]
[Result "1-0"]
[ECO "B40"]
[WhiteElo "1618"]
[BlackElo "1566"]
[Annotator "NA RC"]
[PlyCount "95"]
[EventDate "2020.10.23"]
[EventType "team-tourn"]
[EventCountry "POL"]
[SourceTitle "playchess.com"]
[Source "ChessBase"]
[SourceQuality "1"]
[TimeControl "5400+30"]

1. e4 c5 2. Nf3 e6 3. c4 Nc6 4. Be2 d6 5. d4 cxd4 6. Nxd4 Bd7 7. Nc3 Nf6 8. Be3 Nxd4 9. Qxd4 Bc6 10. O-O Be7 11. Rfd1 e5 12. Qd3 O-O 13. b4 b6 14. a4 a5 15. bxa5 bxa5 16. Rab1 Qd7 17. Qc2 Rfb8 18. f3 Qc7 19. Qa2 Nd7 20. Nb5 Bxb5 21. cxb5 Nb6 22. Rbc1 Qb7 23. Rc6 Nd7 24. Bc4 Rf8 25. Bd5 Qb8 26. Rc3 Ra7 27. Bxa7 Qxa7+ 28. Kh1 Nc5 29. Rf1 Bg5 30. Rb1 Qe7 31. b6 Rb8 32. Rb5 Bf4 33. g3 Bg5 34. Rxa5 Qd8 35. Bxf7+ Kh8 36. Rb5 Rxb6 37. Bc4 Rc6 38. a5 Rc7 39. Qb1 Qd7 40. Rb8+ Bd8 41. Bd5 Ra7 42. Ra3 Na6 43. Rb7 Rxb7 44. Qxb7 Qxb7 45. Bxb7 Nc5 46. a6 Nxb7 47. axb7 Bc7 48. Ra8+ 1-0